 Dungeon Crawl Stone Soup version 0.31-a0-234-gad7ace16ef (webtiles) character file.

Game seed: 3264144225386963878

9 British0li the Sneak (level 2, -4/24 HPs)
             Began as a Demonspawn Delver on July 10, 2023.
             Slain by Terence
             ... wielding a +2 flail of holy wrath
              (5 damage)
             ... on level 3 of the Dungeon.
             The game lasted 00:00:45 (207 turns).

British0li the Sneak (Demonspawn Delver)             Turns: 207, Time: 00:00:45

Health: -4/24      AC:  3    Str: 12    XL:     2   Next: 6%
Magic:  2/2        EV: 12    Int: 11    God:
Gold:   0          SH:  0    Dex: 14    Spells: 1/1 levels left

rFire   . . .        a - +0 falchion
rCold   . . .        (no shield)
rNeg    . . .        b - +0 leather armour
rPois   .            (no helmet)
rElec   .            (no cloak)
rCorr   .            (no gloves)
SInv    .            (no boots)
Will    .....        (no amulet)
Stlth   ++           (no ring)
HPRegen 0.24/turn    (no ring)
MPRegen 0.08/turn

%: no passive effects
@: no status effects
A: claws 1
a: no special abilities


You were on level 3 of the Dungeon.
You visited 1 branch of the dungeon, and saw 3 of its levels.

Inventory:

Hand Weapons
 a - a +0 falchion (weapon)
Armour
 b - a +0 leather armour (worn)
Wands
 g - a wand of digging (3)
Scrolls
 c - a scroll of fog
 d - 2 scrolls of revelation
 e - a scroll of fear
 h - a scroll of silence {unknown}
 j - 2 scrolls of identify {unknown}
Potions
 f - a potion of haste
 i - a potion of might {unknown}


   Skills:
 + Level 3.2 Fighting
 + Level 2.0 Long Blades
 + Level 2.0 Dodging
 - Level 4.5 Stealth


You had one spell level left.
You didn't know any spells.
Your spell library was empty.

Dungeon Overview and Level Annotations

Branches:
Dungeon (5/15)
 Temple: D:4-7

Altars:

Annotations:
D:3 Terence


Innate Abilities, Weirdness & Mutations

You have sharp fingernails.


Message History

The endoplasm barely misses you. x2
You have reached level 2!
You feel monstrous as your demonic heritage exerts itself.
Your demonic ancestry asserts itself...
Your fingernails lengthen.
You hit the endoplasm.
The endoplasm is almost dead.
The endoplasm closely misses you.
You hit the endoplasm.
You kill the endoplasm!
No target in view!
A worm comes into view.
A ball python comes into view.
The ball python moves out of view.
No target in view!
No target in view!
No target in view!
j - 2 scrolls labelled ROARUC JYZ ADI (gained 1) Terence the Incautious comes into view.
He is wielding a +2 flail of holy wrath.
Found 4 stones.
You see here a scroll of revelation.
d - 2 scrolls of revelation (gained 1)
You barely miss Terence.
Terence hits you with a +2 flail of holy wrath.
You convulse.
You hit Terence but do no damage.
Terence hits you with a +2 flail of holy wrath.
You convulse.
You hit Terence but do no damage.
Terence hits you with a +2 flail of holy wrath.
* * * LOW HITPOINT WARNING * * *
You convulse.
* * * LOW HITPOINT WARNING * * *
Terence misses you.
You hit Terence.
Terence is lightly wounded.
Terence hits you with a +2 flail of holy wrath.
* * * LOW HITPOINT WARNING * * *
You convulse.
You die...

##.........>.............
#.....#.#.##.###.#.#.#.#.
#.#.#..#.#.##.#
#.........
#.##.##.#......#
#.#.#.#.#. #.
#.##........# #.########
#..(.##.#...# #.# #
#.#..##..#..###.# #
#...............#
#....##@#...#### .(.$#
#@....# ... ......# #
##.##.## #.##.# ..# .#
###


You could see Terence.

Vanquished Creatures
  A worm (D:3)
  An endoplasm (D:3)
  A giant cockroach (D:3)
  A goblin (D:3)
  A ball python (D:3)
  A bat (D:3)
  A rat (D:3)
7 creatures vanquished.

Notes
Turn   | Place    | Note
-------+----------+-------------------------------------------
     0 | D:5      | British0li the Demonspawn Delver began the quest for the
                  | Orb.
     0 | D:5      | Reached XP level 1. HP: 18/18 MP: 1/1
    57 | D:5      | Noticed a hound
   154 | D:3      | Noticed an iguana
   174 | D:3      | Discovered your monstrous ancestry.
   174 | D:3      | Gained mutation: You have sharp fingernails. [demonic
                  | ancestry]
   174 | D:3      | Reached XP level 2. HP: 24/24 MP: 2/2
   198 | D:3      | Noticed Terence
   207 | D:3      | HP: 1/24 [Terence/+2 flail of holy wrath (3)]
   207 | D:3      | Slain by Terence

Illustrated notes

Levels and vault maps discovered:
D:3:      layout_loops_ring, hangedman_abyss_or_decor_lesser_grid, st_stairs_12,
          grunt_ministairs_12, corexii_item_surrounded_by_moat, uniq_sigmund,
          uniq_terence, uniq_ijyb
D:4:      layout_basic, serial_shops, kennysheep_mini_moat, uniq_natasha
D:5:      layout_loops_ring, xom_teletrap_fun, minmay_temple_entry_wispy,
          chequers_serial_rivers_micro_e

Skill      XL: |  1 |
---------------+----+-----
Long Blades    | 2 |  2.0
Dodging        | 2 |  2.0
Fighting       | |  3.2
Stealth        | |  4.5

Action                     || total
---------------------------++-------
  Melee: Falchion          ||    21
   Stab: Sleeping          ||     2
 Armour: Leather armour    ||     6
  Dodge: Dodged            ||    21

Table legend: (Time is in decaauts)
 A = Elapsed time spent in this place.
 B = Non-inter-level travel time spent in this place.
 C = Inter-level travel time spent in this place.
 D = Time resting spent in this place.
 E = Time spent auto-exploring this place.
 F = Levels seen in this place.
 G = Mean time per level.
                   A        B        C        D        E       F      G
               +--------+--------+--------+--------+--------+-----+--------+
         Total |    210 |    193 |     17 |      0 |    110 |   3 |   70.0 |
       Dungeon |    210 |    193 |     17 |      0 |    110 |   3 |   70.0 |
               +--------+--------+--------+--------+--------+-----+--------+

Top non-repeatable levels by time:
     D:3: 89 daAuts
     D:5: 64 daAuts
     D:4: 56 daAuts
